[Event "Turkish Youth Teams U18 2024"]
[Site "Karaman"]
[Date "2024.04.24"]
[Round "7"]
[White "Aydin, Erem"]
[Black "Iyican, Sude"]
[Result "1/2-1/2"]
[ECO "B00"]
[WhiteElo "1546"]
[BlackElo "1562"]
[Annotator "NA RC"]
[PlyCount "94"]
[EventDate "2024.04.21"]
[EventType "team-tourn"]
[EventCountry "TUR"]
[SourceTitle "playchess.com"]
[Source "ChessBase"]
[SourceQuality "1"]
[TimeControl "5400+30"]

1. e4 e6 2. d4 b6 3. Nf3 Bb7 4. Bd3 Nf6 5. Bg5 Be7 6. e5 Nd5 7. Bxe7 Nxe7 8. Nbd2 Ng6 9. O-O Nf4 10. Be4 Nc6 11. g3 Ng6 12. Re1 O-O 13. c3 f5 14. exf6 Qxf6 15. Qc2 Kh8 16. Re2 Nge7 17. Ne5 Ba6 18. Nxd7 Qf7 19. Bd3 Bxd3 20. Qxd3 Rfd8 21. Ne5 Nxe5 22. Rxe5 Nc6 23. Re2 e5 24. Qe4 Qd5 25. Qxd5 Rxd5 26. Rae1 Kg8 27. dxe5 Nxe5 28. Rxe5 Rxd2 29. R1e2 Rad8 30. Kg2 Kf8 31. Kf3 Rxe2 32. Kxe2 Kf7 33. f4 Rd6 34. Ke3 Rh6 35. h4 Rg6 36. Kf3 Rd6 37. h5 Rd3+ 38. Re3 Rd2 39. Re2 Rd5 40. g4 Rd3+ 41. Ke4 Rd6 42. f5 Kf6 43. Kf4 h6 44. a3 Rc6 45. Rd2 Rc4+ 46. Rd4 Rc5 47. Re4 Rc6 1/2-1/2